 Dungeon Crawl Stone Soup version 0.25.1-8-g42b30a86e7 (webtiles) character file.

Game seed: 6669538850120393841

6015 Clowwww the Cleaver (level 10, -2/118 HPs)
             Began as a Demonspawn Fighter on Dec 13, 2020.
             Was a Priest of Trog.
             Slain by a two-headed ogre
             ... wielding a +0 dire flail
              (17 damage)
             ... on level 8 of the Dungeon.
             The game lasted 00:24:40 (6804 turns).

Clowwww the Cleaver (Demonspawn Fighter)            Turns: 6804, Time: 00:24:41

Health: -2/118     AC: 14    Str: 20    XL:     10   Next: 56%
Magic:  10/10      EV:  7    Int: 10    God:    Trog [***...]
Gold:   508        SH: 10    Dex: 12    Spells: 9/9 levels left

rFire    + . .     SeeInvis +   a - +0 war axe
rCold    . . .     Gourm    .   c - +0 kite shield
rNeg     . . .     Faith    .   I - +1 chain mail "Meffim Uhuy" {+Inv SInv}
rPois    .         Spirit   .   p - +2 helmet
rElec    .         Reflect  .   (no cloak)
rCorr    .         Harm     .   (gloves unavailable)
MR       +....                  (no boots)
Stlth    ..........             d - amulet of regeneration
HPRegen  2.69/turn              v - ring of protection from magic
MPRegen  0.12/turn              u - ring of protection from fire

@: berserking, very quick
A: claws 3, powered by death 2
a: Berserk, Trog's Hand, Renounce Religion, Evoke Invisibility


You were on level 8 of the Dungeon.
You worshipped Trog.
Trog was most pleased with you.
You were hungry.

You visited 1 branch of the dungeon, and saw 12 of its levels.
You also visited: Ossuary.

You collected 508 gold pieces.

Inventory:

Hand Weapons
 a - a +0 war axe (weapon)
 l - the +9 quarterstaff of Instinct {freeze, Int+4, unknown}
   (You found it on level 4 of the Dungeon)

   It has been specially enchanted to freeze those struck by it, causing extra
   injury to most foes and up to half again as much damage against particularly
   susceptible opponents.
   It can also slow down cold-blooded creatures.
   It affects your intelligence (+4).
Missiles
 q - 6 boomerangs (quivered)
Armour
 c - a +0 kite shield (worn)
 p - a +2 helmet (worn)
 I - the +1 chain mail "Meffim Uhuy" (worn) {+Inv SInv}
   (You found it on level 7 of the Dungeon)

   It lets you see invisible.
   It lets you turn invisible.
Jewellery
 d - an amulet of regeneration (around neck)
 h - an uncursed ring of stealth
 k - an uncursed amulet of magic regeneration
 u - a ring of protection from fire (right claw)
 v - a ring of protection from magic (left claw)
 w - an uncursed ring of positive energy
 L - an uncursed ring of ice
Scrolls
 j - 13 scrolls of teleportation
 x - 3 scrolls of amnesia
 B - a scroll of blinking
 F - 2 scrolls of enchant armour
Potions
 e - 5 potions of flight
 g - 8 potions of curing
 m - 2 potions of might
 r - a potion of heal wounds
 s - a potion of ambrosia
 z - 2 potions of stabbing
 D - a potion of haste
 E - 2 potions of invisibility {unknown}
 G - a potion of resistance {unknown}
 H - 2 potions of berserk rage {unknown}
 K - a potion of cancellation {unknown}
Comestibles
 f - 10 rations


   Skills:
 + Level 7.0 Fighting
 + Level 10.1 Axes
 + Level 0.4 Throwing
 + Level 6.8 Armour
 + Level 3.7 Dodging
 + Level 0.2 Stealth
 + Level 5.7 Shields


You had 9 spell levels left.
You didn't know any spells.
Your spell library was empty.

Dungeon Overview and Level Annotations

Branches:
Dungeon (12/15)            Temple (0/1) D:6         Ossuary (visited)
   Lair: D:8-11         Orc: D:9-12

Altars:
Hepliaklqana
Kikubaaqudgha
Qazlal
Sif Muna
Trog
Wu Jian
Xom
The Shining One

Shops:
D:7 !


Innate Abilities, Weirdness & Mutations

You have claws for hands.
You regenerate health from kills.


Message History

You feel yourself moving faster!
You feel mighty!
You are feeling hungry.
The two-headed ogre hits you with a +0 dire flail!
* * * LOW HITPOINT WARNING * * *
The two-headed ogre closely misses you. You block the giant cockroach's attack.
You slash the two-headed ogre!
The two-headed ogre is heavily wounded.
You hit the giant cockroach. You block the giant cockroach's attack.
You barely miss the two-headed ogre.
The two-headed ogre is heavily wounded.
You hit the giant cockroach.
You kill the giant cockroach!
Trog accepts your kill.
The two-headed ogre hits you with a +0 dire flail!!
* * * LOW HITPOINT WARNING * * *
The two-headed ogre hits you but does no damage.
You slash the two-headed ogre!
The two-headed ogre is severely wounded.
The two-headed ogre hits you with a +0 dire flail!
You die...

,,,,,,,* **,,,,,,,,,,***
,,,,,,,*
##.............*
,,,,,,**
#.............#*
,,,,,,***#............#*
*****
,,,,,,,,,.............#
*,,,,
,,,,*****............#*
**,,, *****
**...........#* *,,,
*,...........# **** **,,
*,.......@..#* ***,,**
**, *,.......O.##
*#..,,,* ** **........##
*#.....,** * *......#.#
*#......,,*
*#....##.##*.......,,*
#...#*#..##.".....,**
####* ##.#........**
#.........#* #.......#**


You could see a two-headed ogre.

Vanquished Creatures
  Pikel (D:6)
  An ugly thing (D:12)
  Grinder (D:5)
  2 hippogriffs
  Sigmund (D:3)
  5 yaks (D:9)
  Menkaure (D:7)
  Duvessa (D:4)
  2 black bears
  A slave (D:6)
  4 ice beasts
  4 ogres
  A phantom (D:9)
  4 centaurs
  A crocodile (D:7)
  A big kobold (D:8)
  3 bullfrogs
  Dowan (D:4)
  2 scorpions (D:5)
  5 wights (D:9)
  A howler monkey (D:9)
  An electric eel (D:9)
  3 crimson imps
  A centaur zombie (Ossuary)
  2 bullfrog zombies (Ossuary)
  A hound (D:9)
  A quasit (D:7)
  An orc priest (D:5)
  A jelly (D:7)
  2 bullfrog skeletons
  4 orc wizards
  2 iguanas
  9 worker ants
  Natasha (thrice) (D:3)
  2 killer bee zombies (Ossuary)
  3 hound zombies (Ossuary)
  13 mummies (Ossuary)
  Robin (D:3)
  3 worker ant zombies
  10 adders
  A river rat (D:4)
  2 shadow imps
  An ooze (D:2)
  3 worms
  4 dart slugs
  7 leopard geckos
  14 orcs
  4 bats
  7 giant cockroaches
  10 hobgoblins
  16 jackals
  4 quokkas
  2 ball pythons
  4 frilled lizards
  20 goblins
  3 goblin zombies (D:9)
  2 hobgoblin zombies (D:9)
  2 jackal zombies (Ossuary)
  14 kobolds
  3 kobold skeletons (D:9)
  A leopard gecko skeleton (D:4)
  A leopard gecko zombie (Ossuary)
  An orc skeleton (D:9)
  A quokka skeleton (D:4)
  2 quokka zombies (Ossuary)
  15 rats
250 creatures vanquished.

Vanquished Creatures (others)
  A bullfrog (D:6)
  A crimson imp (D:6)
  An adder (D:6)
  An adder skeleton (D:6)
  A leopard gecko (D:6)
5 creatures vanquished.

Grand Total: 255 creatures vanquished

Notes
Turn   | Place    | Note
-------+----------+-------------------------------------------
     0 | D:1      | Clowwww the Demonspawn Fighter began the quest for the Orb.
     0 | D:1      | Reached XP level 1. HP: 18/18 MP: 1/1
   275 | D:1      | Gained mutation: You regenerate a little health from kills.
                  | [demonic ancestry]
   275 | D:1      | Reached XP level 2. HP: 24/24 MP: 2/2
   464 | D:1      | Reached skill level 2 in Axes
   920 | D:2      | Gained mutation: You regenerate health from kills. [demonic
                  | ancestry]
   920 | D:2      | Reached XP level 3. HP: 29/29 MP: 3/3
  1075 | D:2      | Found a shimmering altar of Xom.
  1075 | D:2      | Found a shimmering altar of Xom.
  1075 | D:2      | Found a shimmering altar of Xom.
  1075 | D:2      | Found a shimmering altar of Xom.
  1076 | D:2      | Found a shimmering altar of Xom.
  1212 | D:2      | Found a shimmering altar of Xom.
  1437 | D:2      | Reached XP level 4. HP: 31/35 MP: 4/4
  1483 | D:2      | Found an ornate altar of the Wu Jian Council.
  1838 | D:3      | Reached skill level 3 in Axes
  1971 | D:3      | Noticed Sigmund
  1982 | D:3      | Killed Sigmund
  1982 | D:3      | Reached skill level 4 in Axes
  1982 | D:3      | Reached XP level 5. HP: 42/42 MP: 5/5
  1982 | D:3      | Gained mutation: You have sharp fingernails. [demonic
                  | ancestry]
  1982 | D:3      | Reached XP level 6. HP: 48/48 MP: 6/6
  2178 | D:3      | Noticed Robin
  2187 | D:3      | Reached skill level 1 in Dodging
  2191 | D:3      | Killed Robin
  2414 | D:3      | Noticed Natasha
  2419 | D:3      | Killed Natasha
  2489 | D:3      | Noticed Natasha
  2501 | D:3      | Killed Natasha
  2506 | D:3      | Noticed Natasha
  2516 | D:3      | Killed Natasha
  2809 | D:4      | Noticed Dowan
  2810 | D:4      | Noticed Duvessa
  2823 | D:4      | Killed Duvessa
  2823 | D:4      | Gained mutation: You have very sharp fingernails. [demonic
                  | ancestry]
  2823 | D:4      | Reached XP level 7. HP: 26/54 MP: 7/7
  2834 | D:4      | Killed Dowan
  2834 | D:4      | Reached skill level 5 in Axes
  2967 | D:4      | Got an encrusted quarterstaff
  3333 | D:4      | Found a shimmering blue altar of Sif Muna.
  3581 | D:5      | Entered Level 5 of the Dungeon
  3682 | D:5      | Found an ancient bone altar of Kikubaaqudgha.
  3747 | D:5      | Reached skill level 6 in Axes
  3747 | D:5      | Gained mutation: You have claws for hands. [demonic
                  | ancestry]
  3747 | D:5      | Reached XP level 8. HP: 36/61 MP: 8/8
  3780 | D:5      | Found a bloodstained altar of Trog.
  3788 | D:5      | Became a worshipper of Trog the Wrathful
  3882 | D:5      | Noticed Grinder
  3914 | D:5      | Killed Grinder
  3914 | D:5      | Reached skill level 5 in Fighting
  3928 | D:5      | Found a sand-covered staircase.
  3933 | D:5      | Reached skill level 7 in Axes
  3946 | Ossuary  | Entered an ossuary
  3965 | Ossuary  | Reached skill level 5 in Armour
  3981 | Ossuary  | Reached * piety under Trog
  4114 | Ossuary  | Reached XP level 9. HP: 64/68 MP: 9/9
  4731 | D:6      | Noticed Pikel
  4745 | D:6      | Killed Pikel
  4745 | D:6      | Reached skill level 8 in Axes
  4793 | D:6      | Reached skill level 5 in Shields
  4810 | D:6      | Found a staircase to the Ecumenical Temple.
  5478 | D:7      | You fall into a shaft and drop 2 floors!
  5490 | D:9      | Found a glowing golden altar of the Shining One.
  5496 | D:9      | Reached ** piety under Trog
  5565 | D:9      | Reached skill level 9 in Axes
  5585 | D:9      | Noticed a purple ugly thing
  5587 | D:9      | You fall into a shaft and drop 3 floors!
  5643 | D:12     | Noticed a green ugly thing
  5654 | D:12     | Killed a green ugly thing
  5654 | D:12     | Reached XP level 10. HP: 47/77 MP: 10/10
  5801 | D:10     | Entered Level 10 of the Dungeon
  5960 | D:9      | Found a hazy altar of Hepliaklqana.
  6098 | D:9      | Found a stormy altar of Qazlal.
  6171 | D:8      | Reached *** piety under Trog
  6231 | D:7      | Reached skill level 10 in Axes
  6308 | D:7      | Found Xuthuusa's Distillery.
  6313 | D:7      | Got a bronze chain mail
  6330 | D:7      | Noticed Menkaure
  6336 | D:7      | Killed Menkaure
  6726 | D:8      | Identified the +1 chain mail "Meffim Uhuy" {+Inv SInv} (You
                  | found it on level 7 of the Dungeon)
  6782 | D:8      | Noticed a two-headed ogre
  6804 | D:8      | Slain by a two-headed ogre

Illustrated notes

Levels and vault maps discovered:
D:1:      saegor_arrival_simple_e, layout_loops_corners
D:2:      layout_loops_ring, overflow_temple_1_default, first_ration,
          grunt_ministairs_9, xom_redecorated
D:3:      layout_loops_ring, kennysheep_potato, uniq_robin, uniq_sigmund,
          uniq_natasha
D:4:      layout_basic, overflow_temple_1_default, portal_sewer_entry_e,
          chequers_mini_garden, minivault_5, nicolae_underground_beach,
          uniq_duvessa
D:5:      layout_basic, kiku_gazebo_garden_becter, basic_altar,
          nicolae_ossuary_entry_plus, uniq_grinder
D:6:      layout_basic, minmay_temple_entry_arrows, kennysheep_generic_room_3,
          uniq_pikel
D:7:      layout_cave_pools, serial_shops, shop, enter_bailey_2, uniq_menkaure
D:8:      layout_cave_pods, grunt_pizzeria
D:9:      layout_cross, nicolae_overflow_crystal_walls, lemuel_round_altar,
          lemuel_crystal_altar, minitemple, dpeg_oklobed_lair, minivault_14,
          nicolae_tso_besieged_by_evil
D:10:     layout_gridville, kennysheep_small_square
D:11:     layout_grid_maze, orc_0_dummy, serial_shops, shop, shop
D:12:     layout_roguey, portal_ice_cave_entry_imps

Skill      XL: |  1  2  3  4  5  6  7  8  9 10 |
---------------+-------------------------------+-----
Axes           | 2 4 6 7 9 10 | 10.1
Armour         | 3 4 5 6 |  6.8
Shields        | 3 4 5 |  5.7
Dodging        | 1 2 3 |  3.7
Fighting       | 4 5 6 7 |  7.0
Throwing       | |  0.4
Stealth        | |  0.2

Action                   |  1- 3 |  4- 6 |  7- 9 | 10-12 || total
-------------------------+-------+-------+-------+-------++-------
Melee: War axe           |   100 |   178 |   441 |   181 ||   900
Throw: Boomerang         |       |       |     2 |    10 ||    12
Invok: Berserk           |       |       |     1 |     2 ||     3
  Use: Potion            |       |     2 |       |       ||     2
       Scroll            |       |     9 |    11 |     5 ||    25
  Eat: Chunk             |     2 |     4 |     8 |     2 ||    16
       Ration            |       |       |     1 |     1 ||     2
Armor: Scale mail        |    54 |    77 |   160 |    95 ||   386
       Chain mail        |       |       |       |     4 ||     4
Dodge: Dodged            |    28 |    66 |   160 |    69 ||   323
Block: Kite shield       |    52 |   121 |   217 |   100 ||   490
